 Dungeon Crawl Stone Soup version 0.20-a0-923-g548304e (webtiles) character file.

11394 FastMan the Cleaver (level 11, -10/99 HPs)
             Began as a Minotaur Berserker on Mar 26, 2017.
             Was an Elder of Trog.
             Mangled by a black mamba (14 damage)
             ... on level 1 of the Lair of Beasts.
             The game lasted 00:09:23 (8992 turns).

FastMan the Cleaver (Minotaur Berserker)            Turns: 8992, Time: 00:09:23

Health: -10/99     AC: 18    Str: 22    XL:     11   Next: 48%
Magic:  10/10      EV: 12    Int:  4    God:    Trog [****..]
Gold:   129        SH:  0    Dex: 13    Spells: 10/10 levels left

rFire    . . .     SeeInvis .   a - +5 bardiche (vamp)
rCold    + . .     Gourm    .   (shield currently unavailable)
rNeg     . . .     Faith    .   j - +2 chain mail {rC+}
rPois    .         Spirit   .   (helmet restricted)
rElec    .         Reflect  .   f - +2 cloak
rCorr    .         Harm     .   r - +0 pair of gloves
MR       .....                  (no boots)
Stlth    ..........             (no amulet)
Regen    0.3/turn               (no ring)
MPRegen  0.2/turn               (no ring)

@: lethally poisoned (-10 -> -54), drained
A: retaliatory headbutt, horns 2
a: Berserk, Trog's Hand, Brothers in Arms, Burn Spellbooks, Renounce Religion


You were on level 1 of the Lair of Beasts.
You worshipped Trog.
Trog was greatly pleased with you.
You were hungry.

You visited 2 branches of the dungeon, and saw 13 of its levels.

You collected 451 gold pieces.
You spent 322 gold pieces at shops.

Inventory:

Hand Weapons
 a - a +5 vampiric bardiche (weapon)
Armour
 f - a +2 cloak (worn)
 j - a +2 chain mail of cold resistance (worn)
 r - a +0 pair of gloves (worn)
Scrolls
 b - a scroll of fog
 e - 3 scrolls of remove curse {@r2}
 o - a scroll of acquirement {unknown}
 v - 2 scrolls of recharging
 w - a scroll of holy word {unknown}
 z - 3 scrolls of identify {@r1}
Potions
 d - a potion of mutation
 l - 2 potions of agility {@q5}
 m - a potion of resistance
 p - 3 potions of haste {@q3}
 t - a potion of brilliance {unknown}
 u - a potion of might {@q4}
 x - a potion of cancellation
Books
 C - a book of Flames

   Spells                             Type                      Level
   a - Flame Tongue                   Conjuration/Fire             1
   b - Throw Flame                    Conjuration/Fire             2
   c - Conjure Flame                  Conjuration/Fire             3
   d - Inner Flame                    Hexes/Fire                   3
   e - Sticky Flame                   Conjuration/Fire             4
   f - Fireball                       Conjuration/Fire             5
   Trog disapproves of the use of such an item.
Comestibles
 c - 4 bread rations {@e1}
 i - a fruit {@e4}


   Skills:
 - Level 9.9(9.8) Fighting
   Level 13.4(14.1) Axes
 * Level 7.8(11.5) Polearms
 - Level 9.5 Armour
 - Level 8.0 Dodging


You had 10 spell levels left.
You didn't know any spells.

Dungeon Overview and Level Annotations

Branches:
Dungeon (12/15)              Lair (1/6) D:10            Orc (0/2) D:9
 Temple: D:4-7

Altars:
Gozag
Vehumet

Shops:
D:8 [

Annotations:
D:12 Rupert; SkyDiva's ghost, journeyman HuFi


Innate Abilities, Weirdness & Mutations

You reflexively headbutt those who attack you in melee.
You have a pair of horns on your head.


Message History

* * * LOW HITPOINT WARNING * * *
You feel very sick.
The black mamba bites you but does no damage.
The black mamba bites you!
* * * LOW HITPOINT WARNING * * *
The rat bites you but does no damage. x2; The black mamba misses you.
Unknown command.
Okay, then.
Okay, then.
Okay, then.
You closely miss the black mamba. You headbutt the black mamba!
The black mamba is almost dead.
* * * LOW HITPOINT WARNING * * *
You feel very sick. The black mamba bites you.
* * * LOW HITPOINT WARNING * * *
You are more poisoned.
The black mamba poisons you!
The crocodile bites the plant!!
The rat bites you but does no damage. The black mamba bites you!
You die...

#### ### ### ##
#.#######..###.###P##.######
............................
.+####...............†......
.....#..................#..#
.........##+#.P##P.....#....
................@St....# ...
.....#...#......rr........ .
.....#..........r..###.###
.....#...#.........# .#
...>...............# ..
#..###...##+.#####.# .#
...........<.......#
....................
...................


You could see a black mamba, a crocodile and 3 rats.

Vanquished Creatures
  Erolcha (D:12)
  A two-headed ogre (D:10)
  An unseen horror (D:10)
  The ghost of pagos the Cruncher, a novice GrGl (D:6)
  The ghost of pagos the Cruncher, a novice GrGl of Okawaru (D:5)
  A centaur zombie (D:11)
  A spiny frog (Lair:1)
  The ghost of Photonic the Covert, a novice VSEn (D:4)
  A rime drake (Lair:1)
  A komodo dragon (D:10)
  4 trolls
  Prince Ribbit (D:5)
  2 hornets
  Grum (D:8)
  A hungry ghost (D:10)
  A basilisk (Lair:1)
  A wraith (D:11)
  2 water moccasins
  A sky beast (D:11)
  A black bear (D:11)
  An ice beast (D:7)
  3 orc warriors
  2 wolves (D:8)
  7 centaurs
  12 ogres
  A crocodile (D:11)
  3 big kobolds
  9 bullfrogs
  2 gnoll sergeants (D:9)
  2 wyvern skeletons
  8 killer bees
  A howler monkey (D:7)
  8 crimson imps
  4 hounds
  3 jellies
  A bullfrog skeleton (D:4)
  3 orc priests
  3 iguanas
  7 orc wizards
  5 worker ants
  Natasha (D:2)
  A hell rat (Lair:1)
  A killer bee zombie (D:8)
  3 hound zombies
  A hound skeleton (D:5)
  A howler monkey skeleton (D:6)
  14 adders
  6 gnolls
  An ooze (D:1)
  An adder skeleton (D:5)
  2 worms
  4 dart slugs
  3 leopard geckos
  28 orcs
  A giant cockroach (D:7)
  2 goblins (D:3)
  A hobgoblin (D:2)
  2 jackals (D:9)
  10 kobolds
  5 quokkas
  A ball python (D:3)
  A frilled lizard (D:1)
  A leopard gecko skeleton (D:8)
  A leopard gecko zombie (D:8)
  A quokka skeleton (D:6)
  3 rats
  A plant (D:10)
207 creatures vanquished.

Vanquished Creatures (others)
  A worker ant (D:12)
  An orc (D:12)
  A plant (D:10)
3 creatures vanquished.

Grand Total: 210 creatures vanquished

Notes
Turn   | Place    | Note
-------+----------+-------------------------------------------
     0 | D:1      | FastMan the Minotaur Berserker began the quest for the Orb.
     0 | D:1      | Reached XP level 1. HP: 19/19 MP: 0/0
   257 | D:1      | Reached XP level 2. HP: 27/27 MP: 1/1
   306 | D:1      | Reached skill level 4 in Axes
   443 | D:2      | Noticed Natasha
   449 | D:2      | Killed Natasha
   449 | D:2      | Reached XP level 3. HP: 33/33 MP: 2/2
   683 | D:3      | Reached XP level 4. HP: 40/40 MP: 3/3
   871 | D:3      | Reached ** piety under Trog
   949 | D:4      | Noticed Photonic's ghost (novice VSEn)
   958 | D:4      | Killed Photonic's ghost
   958 | D:4      | Reached skill level 5 in Fighting
   958 | D:4      | Reached skill level 6 in Axes
   958 | D:4      | Reached XP level 5. HP: 48/48 MP: 4/4
   958 | D:4      | Reached XP level 6. HP: 56/56 MP: 5/5
  1097 | D:4      | You fall through a shaft for 2 floors!
  1224 | D:6      | Noticed pagos's ghost (novice GrGl)
  1263 | D:6      | Killed pagos's ghost
  1263 | D:6      | Reached skill level 7 in Axes
  1263 | D:6      | Reached skill level 5 in Armour
  1263 | D:6      | Reached XP level 7. HP: 37/63 MP: 6/6
  1591 | D:6      | Reached XP level 8. HP: 70/70 MP: 7/7
  1598 | D:5      | Entered Level 5 of the Dungeon
  1702 | D:5      | Noticed Prince Ribbit
  1716 | D:5      | Reached skill level 5 in Dodging
  1723 | D:5      | Killed Prince Ribbit
  1723 | D:5      | Reached skill level 8 in Axes
  1981 | D:5      | Noticed pagos's ghost (novice GrGl)
  1985 | D:5      | Reached skill level 9 in Axes
  1991 | D:5      | Killed pagos's ghost
  2615 | D:6      | Reached XP level 9. HP: 76/79 MP: 8/8
  3012 | D:7      | Reached skill level 10 in Axes
  3017 | D:7      | Reached *** piety under Trog
  3526 | D:7      | Found an opulent altar of Gozag.
  3549 | D:7      | Found a radiant altar of Vehumet.
  3875 | D:8      | Reached skill level 11 in Axes
  4015 | D:8      | Found Veraom's Armour Emporium.
  4016 | D:8      | Noticed Grum
  4027 | D:8      | Killed Grum
  4166 | D:8      | Bought a +2 chain mail of cold resistance for 322 gold pieces
  4723 | D:9      | Reached **** piety under Trog
  5004 | D:9      | Noticed a troll
  5009 | D:9      | Killed a troll
  5009 | D:9      | Reached XP level 10. HP: 61/90 MP: 9/9
  5498 | D:9      | Found a staircase to the Orcish Mines.
  5531 | D:9      | Received a gift from Trog
  5544 | D:9      | Reached skill level 12 in Axes
  6434 | D:10     | Entered Level 10 of the Dungeon
  6488 | D:10     | Killed an unseen horror
  6646 | D:10     | Noticed a two-headed ogre
  6671 | D:10     | Killed a two-headed ogre
  6678 | D:10     | Reached skill level 13 in Axes
  7130 | D:11     | Reached XP level 11. HP: 38/99 MP: 10/10
  8394 | D:12     | Noticed Erolcha
  8402 | D:12     | Killed Erolcha
  8402 | D:12     | Reached skill level 5 in Polearms
  8405 | D:12     | Noticed Rupert
  8410 | D:12     | Noticed SkyDiva's ghost (journeyman HuFi)
  8508 | D:10     | Found a staircase to the Lair.
  8641 | Lair:1   | Entered Level 1 of the Lair of Beasts
  8992 | Lair:1   | HP: 4/99 [black mamba (1)]
  8992 | Lair:1   | Mangled by a black mamba

Vault maps used:
D:1:      dpeg_arrival_boxes_within_box, serial_bayou_lagoon_b
D:2:      kennysheep_six_static_rooms, nicolae_ru_path_of_blood, first_bread,
          fedhas_altar_3, uniq_natasha, uniq_robin
D:3:      hangedman_glass_teeth, kennysheep_orc_chapel
D:4:      temple_hall, serial_shops, shop_statue, chei_slow_surprise
D:5:      uniq_prince_ribbit1
D:6:      led_sif_pool
D:7:      lemuel_crystal_altar, lemuel_doored_altar
D:8:      serial_shops, shop, uniq_grum
D:9:      kennysheep_orc_monster_closet_entryway
D:10:     david_lair_shrubbed
D:11:     lab_entry_generic
D:12:     hangedman_stone_soup, minmay_tree_intersection, kennysheep_crisscross,
          uniq_azrael, uniq_rupert, uniq_nergalle, uniq_erolcha
Lair:1:   kennysheep_abandoned_house

Skill      XL: |  1  2  3  4  5  6  7  8  9 10 11 |
---------------+----------------------------------+-----
Axes           | 4 6 7 9 11 13 | 13.4
Fighting       | 4 5 6 7 8 9 |  9.9
Armour         | 3 4 5 6 8 9 |  9.5
Dodging        | 3 4 6 7 8 |  8.0
Polearms       | 7 |  7.8

Action                   |  1- 3 |  4- 6 |  7- 9 | 10-12 || total
-------------------------+-------+-------+-------+-------++-------
Melee: Hand axe          |    38 |    50 |    43 |       ||   131
       Headbutt          |     6 |     6 |    50 |    62 ||   124
       War axe           |       |       |   203 |   218 ||   421
       Bardiche          |       |       |       |    72 ||    72
Invok: Berserk           |     2 |     3 |     7 |     5 ||    17
       Trog's Hand       |       |     1 |       |     4 ||     5
       Burn Spellbooks   |       |       |       |     1 ||     1
  Use: Scroll            |       |     4 |     7 |    10 ||    21
       Potion            |       |     1 |     1 |     3 ||     5
  Eat: Chunk             |       |     5 |    15 |     5 ||    25
       Bread ration      |       |       |     1 |     2 ||     3
       Meat ration       |       |       |       |     2 ||     2
       Royal jelly       |       |       |       |     1 ||     1
Armor: Chain mail        |    15 |    19 |   115 |   205 ||   354
       Skin              |       |       |     3 |    39 ||    42
Dodge: Dodged            |    19 |    21 |   124 |   211 ||   375
